 Dungeon Crawl Stone Soup version 0.24.0-10-g970556be89 (webtiles) character file.

Game seed: 1513509900079032634, levelgen mode: deterministic

4706 Arixos the Fighter (level 10, -8/80 HPs)
             Began as a Demonspawn Monk on Nov 4, 2019.
             Was a Follower of Uskayaw.
             Mangled by a death yak (11 damage)
             ... on level 8 of the Dungeon.
             The game lasted 00:36:20 (11453 turns).

Arixos the Fighter (Demonspawn Monk)               Turns: 11453, Time: 00:36:20

Health: -8/80      AC:  8    Str: 15    XL:     10   Next: 21%
Magic:  0/10       EV: 21    Int: 12    God:    Uskayaw [*.....]
Gold:   359        SH:  2    Dex: 20    Spells: 9/9 levels left

rFire    . . .     SeeInvis .   k - +2 whip (elec)
rCold    . . .     Gourm    .   (no shield)
rNeg     . . .     Faith    .   r - +1 ring mail {MR+}
rPois    .         Spirit   +   (helmet restricted)
rElec    .         Reflect  +   p - +0 cloak
rCorr    .         Harm     .   (no gloves)
MR       .....                  (no boots)
Stlth    ++........             z - +2 amulet of reflection
HPRegen  0.23/turn              (no ring)
MPRegen  0.24/turn              (no ring)

@: agile, about to teleport, vulnerable
A: hooves 1, horns 2, powered by pain 1, magic shield, magic regeneration
a: Stomp, Renounce Religion


You were on level 8 of the Dungeon.
You worshipped Uskayaw.
Uskayaw was noncommittal.
You were very hungry.

You visited 2 branches of the dungeon, and saw 9 of its levels.

You collected 359 gold pieces.

Inventory:

Hand Weapons
 k - a +2 whip of electrocution (weapon)
Missiles
 f - 13 poisoned darts (quivered)
Armour
 p - a +0 cloak (worn)
 r - a +1 ring mail of magic resistance (worn)
Jewellery
 z - a +2 amulet of reflection (around neck)
Scrolls
 c - 4 scrolls of remove curse
 e - 8 scrolls of identify
 o - 2 scrolls of enchant armour
 s - 2 scrolls of enchant weapon
 u - 2 scrolls of random uselessness
 y - a scroll of noise {unknown}
Potions
 a - 2 potions of curing
 d - a potion of brilliance {unknown}
 g - 2 potions of mutation {unknown}
 h - a potion of lignification {unknown}
 i - a potion of flight {unknown}
 l - a potion of degeneration {unknown}
 m - 2 potions of magic {unknown}
 w - a potion of haste {unknown}
Comestibles
 b - 18 rations


   Skills:
 + Level 8.2 Fighting
 + Level 6.9 Armour
 + Level 7.5 Dodging
 - Level 1.7 Stealth
 + Level 7.2 Unarmed Combat


You had 9 spell levels left.
You didn't know any spells.
Your spell library contained the following spells:

 Spells                   Type           Power        Failure   Level  Hunger
 Animate Skeleton         Necr           N/A          52%         1    ##.....
 Pain                     Necr           #...         52%         1    ##.....
 Regeneration             Chrm/Necr      #.........   87%         3    ####...
 Vampiric Draining        Necr           #.........   87%         3    ####...
 Animate Dead             Necr           N/A          99%         4    #####..


Dungeon Overview and Level Annotations

Branches:
Dungeon (8/15)             Temple (1/1) D:6            Lair (0/6) D:8

Altars:
Ashenzari
Cheibriados
Dithmenos
Elyvilon
Fedhas
Gozag
Hepliaklqana
Kikubaaqudgha
Makhleb
Okawaru
Sif Muna
Trog
Uskayaw
Vehumet
Wu Jian
Zin
The Shining One

Annotations:
D:2 Purgy, Terence
D:4 Prince Ribbit


Innate Abilities, Weirdness & Mutations

You have large cloven feet.
You have a pair of horns on your head.
You sometimes gain a little power by taking damage.
When hurt, damage is shared between your health and your magic reserves.
You regenerate magic rapidly.


Message History

The yak gores you but does no damage. You block the death yak's attack.
The death yak gores you but does no damage.
The yak gores you!
* * * LOW HITPOINT WARNING * * *
As you read the scroll labeled PEVONE JOQYBO, it crumbles to dust.
Magic quickly surges around you.
It was a scroll of vulnerability.
The yak gores you.
* * * LOW HITPOINT WARNING * * *
The death yak completely misses you. The death yak misses you.
The yak gores you but does no damage.
You can no longer pass through a line of other dancers.
Okay, then.
Okay, then.
As you read the scroll labeled QEEDOU HUWK, it crumbles to dust.
You feel strangely unstable.
It was a scroll of teleportation.
The yak snorts and paws the ground.
The yak gores you.
* * * LOW HITPOINT WARNING * * *
The death yak gores you!
You die...

######## ###### * ########..YYYY#
#..... ####........####@# #.....
.............#.YY# #.....
###..(.......#.### ########.....
#............######........Y...
**######......YY..........######.
,*######.....<...Y.##._8_.# #.
,*#.......###....#.##Y._..# #)
,,..#####.####.......Y....######.
,,.................#####.....#..[


You could see 2 death yaks and 4 yaks.

Vanquished Creatures
  A death yak (D:7)
  Pikel (D:8)
  A queen bee (D:8)
  A hippogriff (D:7)
  A water moccasin (D:8)
  2 sky beasts (D:6)
  An orc warrior (D:8)
  3 slaves
  3 ice beasts
  4 ogres
  2 big kobolds
  3 bullfrogs
  3 scorpions
  14 killer bees
  4 bullfrog zombies
  4 crimson imps
  4 hounds
  5 orc wizards
  A bullfrog skeleton (D:6)
  4 orc priests
  3 jellies
  An iguana (D:5)
  3 worker ants
  2 hound zombies
  A hound skeleton (D:6)
  A howler monkey zombie (D:6)
  8 gnolls
  13 adders
  2 shadow imps
  An ooze (D:3)
  3 worms
  2 dart slugs (D:2)
  14 leopard geckos
  17 orcs
  12 bats
  5 giant cockroaches
  11 goblins
  7 hobgoblins
  11 jackals
  16 kobolds
  A quokka (D:2)
  A ball python (D:2)
  5 frilled lizards
  2 jackal skeletons (D:4)
  10 rats
214 creatures vanquished.

Vanquished Creatures (others)
  A slave (D:7)
  A plant (D:4)
2 creatures vanquished.

Grand Total: 216 creatures vanquished

Notes
Turn   | Place    | Note
-------+----------+-------------------------------------------
     0 | D:1      | Arixos the Demonspawn Monk began the quest for the Orb.
     0 | D:1      | Reached XP level 1. HP: 18/18 MP: 1/1
   304 | D:1      | Gained mutation: You sometimes gain a little power by
                  | taking damage. [demonic ancestry]
   304 | D:1      | Reached XP level 2. HP: 14/24 MP: 2/2
   662 | D:1      | Reached skill level 1 in Armour
   796 | D:1      | Reached XP level 3. HP: 28/29 MP: 3/3
  1549 | D:2      | Gained mutation: You have large cloven feet. [demonic
                  | ancestry]
  1549 | D:2      | Reached XP level 4. HP: 33/37 MP: 4/4
  2391 | D:3      | Reached skill level 4 in Fighting
  2395 | D:3      | Gained mutation: You have a pair of small horns on your
                  | head. [demonic ancestry]
  2395 | D:3      | Reached XP level 5. HP: 36/42 MP: 5/5
  2511 | D:3      | Noticed Purgy
  2885 | D:3      | Noticed Terence
  3595 | D:3      | Found a shimmering blue altar of Sif Muna.
  4109 | D:4      | Gained mutation: When hurt, damage is shared between your
                  | health and your magic reserves. [demonic ancestry]
  4109 | D:4      | Reached XP level 6. HP: 45/49 MP: 6/6
  4851 | D:5      | Entered Level 5 of the Dungeon
  4979 | D:5      | Noticed Prince Ribbit
  5192 | D:5      | Noticed an ice beast
  5415 | D:5      | Killed an ice beast
  5415 | D:5      | Reached XP level 7. HP: 48/55 MP: 5/7
  5495 | D:5      | Reached skill level 5 in Fighting
  6272 | D:5      | Reached skill level 5 in Dodging
  6413 | D:6      | Found a staircase to the Ecumenical Temple.
  6418 | Temple   | Entered the Ecumenical Temple
  6624 | Temple   | Became a worshipper of Uskayaw the Reveler
  6624 | Temple   | Reached * piety under Uskayaw
  6685 | D:6      | Reached ** piety under Uskayaw
  6702 | D:6      | Reached *** piety under Uskayaw
  6766 | D:6      | Gained mutation: You have a pair of horns on your head.
                  | [demonic ancestry]
  6766 | D:6      | Reached XP level 8. HP: 38/63 MP: 1/8
  6774 | D:6      | Reached **** piety under Uskayaw
  6814 | D:6      | Reached skill level 5 in Unarmed Combat
  7098 | D:6      | Reached skill level 6 in Fighting
  7317 | D:6      | Found a shimmering blue altar of Sif Muna.
  7327 | D:6      | Identified the cursed +1 rapier "Jerusch" {distort, Int+5}
  7508 | D:6      | Reached skill level 5 in Armour
  8320 | D:7      | Reached XP level 9. HP: 40/71 MP: 9/9
  8590 | D:7      | Noticed Pikel
  8707 | D:8      | Killed Pikel
  8707 | D:8      | Reached skill level 7 in Fighting
  9699 | D:8      | Found a shattered altar of Ashenzari.
  9743 | D:8      | Found a shadowy altar of Dithmenos.
  9744 | D:8      | Found a white marble altar of Elyvilon.
  9744 | D:8      | Noticed a queen bee
  9758 | D:8      | Killed a queen bee
  9766 | D:8      | Found an ornate altar of the Wu Jian Council.
 10495 | D:8      | Gained mutation: You regenerate magic rapidly. [demonic
                  | ancestry]
 10495 | D:8      | Reached XP level 10. HP: 59/80 MP: 8/10
 10830 | D:8      | Noticed a death yak
 10838 | D:8      | Noticed a death yak
 10838 | D:8      | Noticed a death yak
 10879 | D:7      | Killed a death yak
 10879 | D:7      | Reached skill level 8 in Fighting
 11453 | D:8      | HP: 3/80 [yak (3)]
 11453 | D:8      | Mangled by a death yak

Levels and vault maps discovered:
D:1:      dpeg_arrival_lava_temple_mockup, layout_loops_corners
D:2:      layout_basic
D:3:      layout_rooms, led_sif_pool, portal_sewer_entry_d, uniq_purgy,
          uniq_terence
D:4:      layout_gridville, corner_web_ring, lexackson_kobold_supper
D:5:      layout_basic, first_ration, uniq_prince_ribbit1
D:6:      layout_loops_ring, minitemple, temple_statues, minmay_ruined_shrine
D:7:      layout_cave_pools, uniq_pikel
D:8:      layout_rooms, chequers_temple_overflow_statue_of_worship,
          dpeg_lair_monsters, david_nohive_1, nicolae_ashenzari_panopticon
Temple:   nicolae_temple_figure_eight

Skill      XL: |  1  2  3  4  5  6  7  8  9 10 |
---------------+-------------------------------+-----
Armour         | 1 2 3 4 5 6 |  6.9
Dodging        | 3 4 5 6 7 |  7.5
Fighting       | 4 5 6 7 8 |  8.2
Unarmed Combat | 3 4 5 6 7 |  7.2
Stealth        | |  1.7

Action                   |  1- 3 |  4- 6 |  7- 9 | 10-12 || total
-------------------------+-------+-------+-------+-------++-------
Melee: Hand axe          |   100 |   170 |       |       ||   270
       Punch             |     1 |     1 |    12 |       ||    14
       Kick              |       |    65 |    94 |    16 ||   175
       Whip              |       |   130 |   398 |    47 ||   575
       Headbutt          |       |    30 |    84 |    16 ||   130
Throw: Dart              |       |       |     5 |       ||     5
Invok: Line Pass         |       |       |     1 |       ||     1
       Stomp             |       |       |     2 |       ||     2
  Use: Scroll            |       |     1 |       |     7 ||     8
       Potion            |       |       |     5 |     4 ||     9
 Stab: Paralysed         |       |       |    11 |     1 ||    12
  Eat: Chunk             |     2 |    13 |    17 |     2 ||    34
Armor: Robe              |     7 |       |       |       ||     7
       Chain mail        |    70 |   211 |    18 |       ||   299
       Ring mail         |       |       |   130 |    17 ||   147
Dodge: Dodged            |    63 |   117 |   337 |    57 ||   574
Block: Other             |       |       |       |     6 ||     6
